AoeStats
← 恆浪蕩

Arena

508832601Analyzed
4v4 RM · 6d ago on Sep 24, 2026· 38m 36s· 8 players
Game mode
Random Map
Map size
Large (8 player)
Population
200
Speed
Normal
Resources
Standard
Victory
Conquest
Starting age
Dark Age
Ending age
Imperial Age
RankedLock teamsTeams togetherTeam positionsShared explorationLock speedFull tech treeHidden civsTurbo modeCheats
Victory
Defeat
🇹🇼 Britons · Taiwan
1690
+11
🇦🇷 Saxons · Argentina
1674
+12
🇹🇼 Jurchens · Taiwan
1617
+14
🇹🇼 Saxons · Taiwan
1464
+20
🇫🇮 Spanish · Finland
1602
-15
1601
-15
🇨🇳 Britons · China
1563
-14
🇨🇳 Franks · China
1537
-13
默默默默默
10:57 Feudal Age
14:44 Castle Age
12:36 Double-Bit Axe
12:33 Horse Collar
15:45 Bow Saw
18:07 Loom
19:20 Wheelbarrow
20:23 Town Watch
22:30 Hand Cart
23:19 Stone Mining
25:16 Gold Mining
28:50 Imperial Age
26:27 Scale Mail Armor
26:54 Forging
27:30 Chain Mail Armor
28:36 Gold Shaft Mining
28:09 Heavy Plow
28:47 Iron Casting
29:10 Padded Archer Armor
29:12 Fletching
29:02 Shield Wall
30:04 Conscription
29:53 Bodkin Arrow
29:58 Padded Archer Armor
30:30 Plate Mail Armor
29:40 Capped Ram
29:56 Elite Hearth Troop
31:32 Bracer
31:48 Leather Archer Armor
32:19 Ballistics
32:02 Treadmill Crane
31:47 Siege Ram
33:50 Ring Archer Armor
33:36 Treadmill Crane
34:15 Siege Engineers
37:04 Two-Man Saw
肉肉小狗
10:01 Feudal Age
11:28 Double-Bit Axe
13:59 Castle Age
13:21 Loom
14:01 Loom
15:17 Bow Saw
15:11 Horse Collar
18:46 Wheelbarrow
19:40 Gold Mining
21:26 Stone Mining
27:40 Imperial Age
25:13 Scale Mail Armor
25:24 Forging
25:44 Hand Cart
26:10 Squires
26:38 Chain Mail Armor
26:12 Treadmill Crane
28:15 Iron Casting
28:15 Sanctity
27:56 Elite Varangian Guard
29:16 Plate Mail Armor
29:21 Conscription
30:15 Block Printing
30:25 Illumination
30:46 Fletching
30:34 Shield Wall
33:24 Clerical Recruitment
37:05 Bodkin Arrow
38:06 Theocracy
37:33 Arson
38:09 Devotion
38:19 Bracer
39:02 Padded Archer Armor
39:07 Siege Engineers
恆浪蕩
7:51 Loom
9:57 Feudal Age
15:21 Castle Age
13:41 Double-Bit Axe
14:47 Horse Collar
21:16 Bow Saw
22:00 Heavy Plow
24:12 Wheelbarrow
24:12 Gold Mining
29:30 Imperial Age
26:57 Treadmill Crane
27:59 Gold Shaft Mining
27:48 Stone Mining
28:20 Scale Barding Armor
28:25 Forging
28:55 Husbandry
29:05 Bloodlines
29:43 Chain Barding Armor
29:31 Elite Steppe Lancer
34:18 Light Cavalry
36:01 Conscription
35:50 Hussar
38:15 Chemistry
38:09 Fortified Bastions
PAI
10:38 Feudal Age
8:58 Loom
10:44 Feudal Age
18:54 Castle Age
17:23 Double-Bit Axe
17:35 Horse Collar
18:10 Fletching
18:48 Stone Mining
19:32 Bodkin Arrow
19:39 Crossbowman
20:59 Gold Mining
22:08 Town Watch
23:32 Padded Archer Armor
28:02 Heavy Plow
28:38 Wheelbarrow
35:42 Imperial Age
33:35 Leather Archer Armor
33:03 Treadmill Crane
34:21 Hand Cart
36:43 Ballistics
36:28 Bracer
37:29 Chemistry
35:55 Arbalester
38:05 Conscription
39:08 Ring Archer Armor
38:49 Masonry
Kaarlos
10:26 Feudal Age
14:22 Castle Age
12:31 Double-Bit Axe
12:47 Horse Collar
16:32 Padded Archer Armor
21:05 Loom
22:50 Padded Archer Armor
24:19 Leather Archer Armor
25:37 Heavy Plow
30:49 Wheelbarrow
30:00 Town Watch
30:08 Gold Mining
30:08 Stone Mining
30:37 Bloodlines
35:27 Imperial Age
33:16 Fletching
34:11 Forging
34:02 Scale Mail Armor
34:07 Scale Barding Armor
34:15 Husbandry
35:30 Iron Casting
36:06 Chain Barding Armor
35:31 Cavalier
36:36 Bow Saw
37:43 Conscription
36:51 Paladin
38:51 Blast Furnace
38:31 Plate Barding Armor
麦辣鸡翅
10:08 Feudal Age
11:00 Double-Bit Axe
13:45 Castle Age
14:47 Bow Saw
19:59 Wheelbarrow
24:14 Hand Cart
27:17 Imperial Age
25:14 Gold Mining
25:26 Loom
26:42 Scale Barding Armor
26:47 Forging
27:48 Gold Shaft Mining
27:28 Forging
28:08 Chain Barding Armor
28:01 Chivalry
27:22 Cavalier
28:59 Iron Casting
29:06 Husbandry
29:53 Plate Barding Armor
29:04 Paladin
31:20 Blast Furnace
31:37 Husbandry
33:22 Light Cavalry
36:14 Caravan
38:14 Scale Mail Armor
奥尔良鸡翅
9:45 Feudal Age
13:29 Castle Age
11:35 Double-Bit Axe
11:38 Horse Collar
14:34 Bow Saw
14:38 Heavy Plow
15:49 Loom
20:27 Wheelbarrow
25:19 Gold Mining
25:35 Stone Mining
25:37 Fletching
28:35 Imperial Age
26:20 Bodkin Arrow
26:26 Padded Archer Armor
27:14 Gold Shaft Mining
27:09 Husbandry
26:30 Light Cavalry
27:44 Hand Cart
28:34 Leather Archer Armor
27:50 Pikeman
28:30 Squires
28:54 Scale Mail Armor
29:05 Forging
29:21 Yeomen
29:38 Conscription
29:22 Bracer
30:38 Chemistry
30:48 Two-Man Saw
31:04 Ring Archer Armor
31:03 Crossbowman
31:32 Arbalester
33:23 Guard Tower
我一日三十分寝男
6:24 Loom
8:41 Feudal Age
9:22 Double-Bit Axe
12:47 Fletching
13:12 Town Watch
20:44 Castle Age
19:02 Horse Collar
20:09 Gold Mining
21:38 Bow Saw
26:38 Wheelbarrow
26:15 Stone Mining
27:47 Hand Cart
27:40 Heavy Plow
32:31 Imperial Age
30:24 Bodkin Arrow
30:30 Padded Archer Armor
31:11 Elite Skirmisher
32:29 Leather Archer Armor
32:42 Capped Ram
34:05 Ring Archer Armor
34:14 Thumb Ring
34:26 Bracer
35:15 Ballistics
35:45 Gold Shaft Mining
35:34 Cranequins
37:07 Bloodlines
36:57 Husbandry
38:04 Chemistry
37:57 Heavy Mounted Crossbowman
Connection lost

Rejoining the realm…

Still unreachable

The connection could not be restored.

Session expired

The server has moved on; the page needs a fresh start.